 Dungeon Crawl Stone Soup version 0.24-a0-462-ge24419a6ad (console) character file.

Game seed: 2225494650883972295

581 Lexodia the Covered (level 7, -2/78 HPs)
             Began as a Demonspawn Fighter on July 1, 2019.
             Was an Initiate of Makhleb.
             Slain by a gnoll
             ... wielding a +0 club
              (3 damage)
             ... on level 6 of the Dungeon.
             The game lasted 00:07:02 (1868 turns).

Lexodia the Covered (Demonspawn Fighter)            Turns: 1868, Time: 00:07:03

Health: -2/78      AC: 23    Str: 18    XL:     7   Next: 13%
Magic:  7/7        EV:  2    Int:  9    God:    Makhleb [......]
Gold:   140        SH:  9    Dex: 13    Spells: 6/6 levels left

rFire    . . .     SeeInvis .   a - +0 trident
rCold    . . .     Gourm    +   c - +0 shield
rNeg     + + +     Faith    .   (armour currently unavailable)
rPois    +         Spirit   .   (helmet currently unavailable)
rElec    .         Reflect  .   (cloak currently unavailable)
rCorr    .         Harm     .   (gloves currently unavailable)
MR       .....     NoTele   +   (boots currently unavailable)
Stlth    +.........             n - amulet of the gourmand
HPRegen  0.23/turn              (no ring)
MPRegen  0.10/turn              (no ring)

@: tree-form
A: powered by death 2
a: Renounce Religion


You were on level 6 of the Dungeon.
You worshipped Makhleb.
Makhleb was noncommittal.
You were very full.
You were a tree.
You visited 1 branch of the dungeon, and saw 6 of its levels.
You also visited: Sewer.

You collected 140 gold pieces.

Inventory:

Hand Weapons
 a - a +0 trident (weapon)
Armour
 b - a +0 scale mail (melded)
 c - a +0 shield (worn)
Jewellery
 n - an amulet of the gourmand (around neck)
Wands
 p - a wand of clouds (5)
Scrolls
 d - 2 scrolls of fear
 j - 2 scrolls of teleportation
 k - a scroll of immolation
 r - a scroll of identify
Potions
 e - a potion of brilliance {unknown}
 g - 4 potions of curing
 i - 2 potions of flight {unknown}
 l - 2 potions of heal wounds
 m - a potion of agility
 o - a potion of magic {unknown}
Comestibles
 f - 4 rations
 q - 2 chunks of flesh


   Skills:
 - Level 3.1 Fighting
 + Level 4.2 Polearms
 + Level 4.8 Armour
 + Level 4.8 Shields


You had 6 spell levels left.
You didn't know any spells.
Your spell library was empty.

Dungeon Overview and Level Annotations

Branches:
Dungeon (6/15)
 Temple: D:4-7

Altars:
Dithmenos
Makhleb


Innate Abilities, Weirdness & Mutations

((You are mostly covered in large bone plates. (SH +6)))
You regenerate health from kills.


Message History

You block the gnoll's attack.
You block the killer bee zombie's attack.
The hound zombie bites you but does no damage.
The gnoll hits you but does no damage. x2
Some of the chunks of flesh in your inventory have rotted away.
Unknown command.
Press: ? - help, v - describe, . - travel
Here: a hound zombie The floor.
You hit the killer bee zombie.
The killer bee zombie is severely damaged.
You block the killer bee zombie's attack.
The gnoll hits you with a +0 club.
* * * LOW HITPOINT WARNING * * *
You block the gnoll's attack.
The hound zombie bites you but does no damage.
You block the killer bee zombie's attack.
The crimson imp hits you but does no damage.
The gnoll hits you but does no damage. x2; The gnoll hits you with a +0 club.
You die...

#### ##### #..## #.).#
#...# #.#.###
###...#####.)_..##
##...(....##.#.#..#
##..........#.....##
#..$###....%.g#..##
#..##.##....♣g...#
.?#.#._.#.#.ZZ5...###
. #.......#..g.g..#.##
##.....##....#.....###
##...##.....##).....##
#####.....##.........
..#...............
..##......)(......
#........##....


You could see 4 gnolls, a crimson imp, a hound zombie and a killer bee zombie.

Vanquished Creatures
  A centaur (D:5)
  2 bullfrogs (D:6)
  A howler monkey (D:5)
  A crimson imp (D:5)
  3 orc wizards
  An orc priest (D:5)
  A gnoll shaman (D:6)
  2 worker ants
  5 adders
  A worm (D:2)
  A leopard gecko (D:1)
  15 orcs
  A ball python (Sewer)
  5 bats
  2 goblins
  2 hobgoblins
  5 jackals (Sewer)
  6 frilled lizards
  7 kobolds
  2 quokka skeletons
64 creatures vanquished.

Vanquished Creatures (others)
  6 fungi (D:6)
6 creatures vanquished.

Grand Total: 70 creatures vanquished

Notes
Turn   | Place    | Note
-------+----------+-------------------------------------------
     0 | D:1      | Lexodia the Demonspawn Fighter began the quest for the Orb.
     0 | D:1      | Reached XP level 1. HP: 18/18 MP: 1/1
   238 | D:2      | Gained mutation: You are partially covered in large bone
                  | plates. (SH +4) [demonic ancestry]
   238 | D:2      | Reached XP level 2. HP: 22/24 MP: 2/2
   389 | D:2      | Reached XP level 3. HP: 29/29 MP: 3/3
   531 | D:5      | Entered Level 5 of the Dungeon
   533 | D:5      | Noticed a centaur
   534 | D:5      | Huge Dmg: 6 dmg
   538 | D:5      | Huge Dmg: 8 dmg
   540 | D:5      | Huge Dmg: 7 dmg
   541 | D:5      | Killed a centaur
   541 | D:5      | Gained mutation: You regenerate a little health from kills.
                  | [demonic ancestry]
   541 | D:5      | Reached XP level 4. HP: 11/35 MP: 4/4
   546 | D:5      | Huge Dmg: 4 dmg
   809 | D:5      | Gained mutation: You are mostly covered in large bone
                  | plates. (SH +6) [demonic ancestry]
   809 | D:5      | Reached XP level 5. HP: 32/41 MP: 5/5
   849 | D:5      | Huge Dmg: 12 dmg
   862 | D:5      | Huge Dmg: 14 dmg
   997 | D:5      | Found a glowing drain.
  1022 | Sewer    | Entered a sewer
  1048 | Sewer    | Gained mutation: You regenerate health from kills. [demonic
                  | ancestry]
  1048 | Sewer    | Reached XP level 6. HP: 47/47 MP: 6/6
  1691 | D:6      | Found a shadowy altar of Dithmenos.
  1712 | D:6      | Found a burning altar of Makhleb.
  1755 | D:6      | Became a worshipper of Makhleb the Destroyer
  1833 | D:6      | Huge Dmg: 8 dmg
  1836 | D:6      | Huge Dmg: 7 dmg
  1840 | D:6      | HP: 1/47 [bullfrog (5)]
  1841 | D:6      | Huge Dmg: 7 dmg
  1843 | D:6      | Huge Dmg: 3 dmg
  1852 | D:6      | Huge Dmg: 3 dmg
  1852 | D:6      | Reached XP level 7. HP: 7/52 MP: 7/7
  1859 | D:6      | Huge Dmg: 5 dmg
  1865 | D:6      | Huge Dmg: 4 dmg
  1867 | D:6      | Huge Dmg: 9 dmg
  1868 | D:6      | HP: 1/78 [gnoll/+0 club (4)]
  1868 | D:6      | Slain by a gnoll

Levels and vault maps discovered:
D:1:      minmay_arrival_stair_chambers, layout_basic,
          minmay_misc_feat_four_crosses, minmay_tiny_reverse_x
D:2:      layout_loops_ring
D:3:      layout_loops_ring, vehumet_crystals, uniq_jessica
D:4:      layout_gridville
D:5:      layout_rooms, overflow_temple_1_default, first_ration,
          cheibrodos_sewer_entry_sluice
D:6:      kennysheep_steamy, layout_cave_pools, lemuel_crystal_altar,
          serial_shops, kennysheep_mini_moat,
          nicolae_dithmenos_through_a_glass_darkly

Skill      XL: |  1  2  3  4  5  6 |
---------------+-------------------+-----
Polearms       | 2 3 4 |  4.2
Armour         | 3 4 |  4.8
Shields        | 3 4 |  4.8
Fighting       | |  3.1

Action                   |  1- 3 |  4- 6 |  7- 9 || total
-------------------------+-------+-------+-------++-------
Melee: Trident           |    90 |   238 |    16 ||   344
  Use: Potion            |       |     5 |       ||     5
       Scroll            |       |     8 |       ||     8
  Eat: Chunk             |       |    16 |       ||    16
Armor: Scale mail        |    33 |    98 |       ||   131
       Skin              |       |    22 |    55 ||    77
Dodge: Dodged            |    16 |    54 |     5 ||    75
Block: Shield            |    47 |   223 |    21 ||   291

Table legend:
 A = Non-vault XP
 B = Vault XP
 C = Vault XP percentage of total XP
 D = Non-vault monster count
 E = Vault monster count
 F = Vault count percentage of total count
                 A         B        C        D         E       F
            +---------+---------+-------+---------+---------+-------
      Total |     763 |      67 |   8.1 |      43 |      21 |  32.8
            +---------+---------+-------+---------+---------+-------
        D:1 |       9 |       0 |   0.0 |       5 |       0 |   0.0
        D:2 |      37 |       0 |   0.0 |       7 |       0 |   0.0
        D:3 |       7 |       0 |   0.0 |       3 |       0 |   0.0
        D:5 |     397 |       4 |   1.0 |      15 |       3 |  16.7
        D:6 |     313 |       0 |   0.0 |      13 |       0 |   0.0
      Sewer |       0 |      63 | 100.0 |       0 |      18 | 100.0
            +---------+---------+-------+---------+---------+-------
